 Dungeon Crawl Stone Soup version 0.25-a0-578-gc91f01c39c (webtiles) character file.

Game seed: 7082782895484370694, levelgen mode: deterministic

1296 Kohma the Insei (level 8, -1/60 HPs)
             Began as a Gnoll Transmuter on Mar 3, 2020.
             Was a Follower of Okawaru.
             Slain by an orc
             ... wielding a +0 trident
              (4 damage)
             ... on level 5 of the Dungeon.
             The game lasted 00:13:02 (5511 turns).

Kohma the Insei (Gnoll Transmuter)                  Turns: 5511, Time: 00:13:03

Health: -1/60      AC:  2    Str: 12    XL:     8   Next: 56%
Magic:  14/17      EV: 26    Int: 19    God:    Okawaru [*.....]
Gold:   317        SH:  0    Dex: 26    Spells: 13/19 levels left

rFire    . . .     SeeInvis .     - Unarmed
rCold    . . .     Gourm    .   (shield currently unavailable)
rNeg     . . .     Faith    .   (armour currently unavailable)
rPois    x         Spirit   .   (helmet currently unavailable)
rElec    .         Reflect  .   (cloak currently unavailable)
rCorr    .         Harm     .   (gloves currently unavailable)
MR       .....                  (boots currently unavailable)
Stlth    +++.......             (no amulet)
HPRegen  0.20/turn              i - +6 ring of dexterity
MPRegen  0.15/turn              (no ring)

@: spider-form
A: tiny, distributed training, strong nose
a: End Transformation, Heroism, Renounce Religion


You were on level 5 of the Dungeon.
You worshipped Okawaru.
Okawaru was aware of your devotion.
You were not hungry.
You were a venomous arachnid creature.
You visited 1 branch of the dungeon, and saw 5 of its levels.

You collected 317 gold pieces.

Inventory:

Missiles
 a - 121 arrows
 e - 11 sling bullets
 f - 150 stones
 r - 5 boomerangs (quivered)
Armour
 b - a +0 cloak (melded)
 c - a cursed +0 leather armour (melded)
 l - a +0 tower shield
 m - a +1 helmet (melded)
 v - a +0 pair of boots (melded)
Jewellery
 i - a +6 ring of dexterity (left front leg)
Wands
 p - a wand of paralysis (10)
Scrolls
 g - 4 scrolls of enchant armour
 n - a scroll of amnesia
 t - 4 scrolls of remove curse
Potions
 h - 5 potions of curing
 j - a potion of mutation
 k - 3 potions of flight
 o - 2 potions of haste
 q - 3 potions of lignification
 s - a potion of heal wounds {unknown}
Comestibles
 d - 10 rations
 u - 6 chunks of flesh


   Skills:
 + Level 4.2 Fighting
 + Level 3.3 Short Blades
 + Level 3.3 Long Blades
 + Level 3.3 Axes
 + Level 3.3 Maces & Flails
 + Level 3.3 Polearms
 + Level 3.3 Staves
 + Level 3.3 Slings
 + Level 3.3 Bows
 + Level 3.3 Crossbows
 + Level 3.3 Throwing
 + Level 3.3 Armour
 + Level 5.7 Dodging
 + Level 3.3 Stealth
 + Level 3.3 Shields
 + Level 7.4 Unarmed Combat
 + Level 6.0 Spellcasting
 + Level 2.7 Conjurations
 + Level 2.7 Hexes
 + Level 2.7 Charms
 + Level 2.7 Summonings
 + Level 2.7 Necromancy
 + Level 2.7 Translocations
 + Level 4.7 Transmutations
 + Level 2.7 Fire Magic
 + Level 2.7 Ice Magic
 + Level 2.7 Air Magic
 + Level 2.7 Earth Magic
 + Level 2.7 Poison Magic
 + Level 3.6 Invocations
 + Level 3.3 Evocations


You had 13 spell levels left.
You knew the following spells:

 Your Spells              Type           Power        Failure   Level  Hunger
a - Beastly Appendage     Tmut           ###...       7%          1    None
b - Sticks to Snakes      Tmut           ###.....     9%          2    None
c - Spider Form           Tmut/Pois      ###.......   21%         3    ##.....

Your spell library contained the following spells:

 Spells                   Type           Power        Failure   Level  Hunger
 Ice Form                 Ice/Tmut       ###.....     45%         4    ####...
 Blade Hands              Tmut           ###.......   63%         5    #####..


Dungeon Overview and Level Annotations

Branches:
Dungeon (5/15)
 Temple: D:4-7

Altars:
Elyvilon
Gozag
Okawaru
Uskayaw
Xom
Yredelemnul
Zin

Shops:
D:4 (


Innate Abilities, Weirdness & Mutations

Your experience applies equally to all skills.
((You have very sharp teeth.))
Your uncanny sense of smell can sniff out nearby items.


Message History

The magic dart hits you.
* * * LOW HITPOINT WARNING * * *
You hit the orc wizard.
You kill the orc wizard!
Okawaru accepts your kill. The orc completely misses you.
The orc hits you with a +0 trident!
* * * LOW HITPOINT WARNING * * *
You hit the orc but do no damage.
The orc is poisoned.
The orc closely misses you.
You hit the orc.
The orc looks even sicker.
The orc is heavily wounded.
You barely miss the orc.
The orc is heavily wounded.
The orc hits you with a +0 trident!
* * * LOW HITPOINT WARNING * * *
You barely miss the orc.
The orc is heavily wounded.
The orc hits you with a +0 trident.
You die...

.##...#.##.# . ..
##.##.##.# ..
#.###....##.#
?##.....#####.#
.#####.# ###.# . #.#
#.# #.#.# ...##
#.####.# #...## ∆
.)..$.#..)†..# #....#
##### #.os..).##
####.## ....#
#.......# ##...#
....####### #....[..#
##.#.#.#
.....##........[.....#
#....##.#
.....##.#.####.......#
#..### ## .....##.#.#
#.......# #.#.#
####.##.#.# #!......#
#.##.# #.##.#.#
########## #.# ##
#.##.#.###.......# #.#


You could see an orc.

Vanquished Creatures
  2 phantoms (D:4)
  An ogre (D:5)
  2 centaurs (D:5)
  A bullfrog (D:5)
  A howler monkey (D:5)
  2 centaur skeletons
  A gnoll shaman (D:5)
  2 hounds
  An orc priest (D:5)
  An orc wizard (D:5)
  A bullfrog skeleton (D:4)
  Natasha (thrice) (D:2)
  2 iguanas (D:4)
  6 worker ants (D:4)
  Robin (D:2)
  7 gnolls
  10 adders
  3 oozes
  An adder zombie (D:4)
  4 worms
  2 dart slugs
  3 leopard geckos
  8 orcs (D:3)
  3 ball pythons
  6 giant cockroaches
  7 goblins
  11 hobgoblins
  4 quokkas
  6 bats
  5 frilled lizards
  A jackal zombie (D:5)
  11 kobolds
  A leopard gecko skeleton (D:4)
  9 rats
129 creatures vanquished.

Notes
Turn   | Place    | Note
-------+----------+-------------------------------------------
     0 | D:1      | Kohma the Gnoll Transmuter began the quest for the Orb.
     0 | D:1      | Reached XP level 1. HP: 17/17 MP: 6/6
   164 | D:1      | Reached XP level 2. HP: 13/23 MP: 7/7
   818 | D:1      | Reached XP level 3. HP: 28/28 MP: 7/9
   853 | D:1      | Reached skill level 5 in Spellcasting
  1135 | D:2      | You fall into a shaft and drop 1 floor!
  1457 | D:2      | Noticed Natasha
  1466 | D:2      | Reached skill level 1 in Short Blades
  1466 | D:2      | Reached skill level 1 in Long Blades
  1466 | D:2      | Reached skill level 1 in Axes
  1466 | D:2      | Reached skill level 1 in Maces & Flails
  1466 | D:2      | Reached skill level 1 in Polearms
  1466 | D:2      | Reached skill level 1 in Staves
  1466 | D:2      | Reached skill level 1 in Slings
  1466 | D:2      | Reached skill level 1 in Bows
  1466 | D:2      | Reached skill level 1 in Crossbows
  1466 | D:2      | Reached skill level 1 in Throwing
  1466 | D:2      | Reached skill level 1 in Armour
  1466 | D:2      | Reached skill level 1 in Stealth
  1466 | D:2      | Reached skill level 1 in Shields
  1466 | D:2      | Reached skill level 1 in Invocations
  1466 | D:2      | Reached skill level 1 in Evocations
  1466 | D:2      | Reached XP level 4. HP: 24/34 MP: 9/11
  1560 | D:2      | Killed Natasha
  1571 | D:2      | Learned a level 2 spell: Sticks to Snakes
  1575 | D:2      | Learned a level 3 spell: Spider Form
  1639 | D:2      | Noticed Natasha
  1648 | D:2      | Reached skill level 1 in Conjurations
  1648 | D:2      | Reached skill level 1 in Hexes
  1648 | D:2      | Reached skill level 1 in Charms
  1648 | D:2      | Reached skill level 1 in Summonings
  1648 | D:2      | Reached skill level 1 in Necromancy
  1648 | D:2      | Reached skill level 1 in Translocations
  1648 | D:2      | Reached skill level 1 in Fire Magic
  1648 | D:2      | Reached skill level 1 in Ice Magic
  1648 | D:2      | Reached skill level 1 in Air Magic
  1648 | D:2      | Reached skill level 1 in Earth Magic
  1648 | D:2      | Reached skill level 1 in Poison Magic
  1652 | D:2      | Killed Natasha
  1652 | D:2      | Reached XP level 5. HP: 24/40 MP: 9/12
  1818 | D:2      | Noticed Robin
  1844 | D:2      | Killed Robin
  2554 | D:2      | Noticed Natasha
  2566 | D:2      | Killed Natasha
  2715 | D:3      | Reached XP level 6. HP: 28/47 MP: 10/13
  3153 | D:3      | Found an opulent altar of Gozag.
  3754 | D:4      | Reached skill level 5 in Dodging
  3760 | D:4      | Noticed a phantom
  3787 | D:4      | Killed a phantom
  3903 | D:4      | Reached XP level 7. HP: 36/52 MP: 11/15
  4077 | D:4      | Found an iron altar of Okawaru.
  4082 | D:4      | Found a shimmering altar of Xom.
  4082 | D:4      | Found a white marble altar of Elyvilon.
  4090 | D:4      | Became a worshipper of Warmaster Okawaru
  4098 | D:4      | Found a glowing silver altar of Zin.
  4128 | D:4      | Reached skill level 7 in Unarmed Combat
  4515 | D:4      | Found Veurr's Weapon Boutique.
  4979 | D:4      | Found a hide-covered altar of Uskayaw.
  5111 | D:5      | Entered Level 5 of the Dungeon
  5168 | D:5      | Found an iron altar of Okawaru.
  5185 | D:5      | Reached XP level 8. HP: 53/60 MP: 12/16
  5244 | D:5      | Reached * piety under Okawaru
  5473 | D:5      | Found a basalt altar of Yredelemnul.
  5510 | D:5      | HP: 3/60 [orc/+0 trident (8)]
  5511 | D:5      | Slain by an orc

Levels and vault maps discovered:
D:1:      heliophobic_arrival_enchanted_forest, layout_loops_ring,
          minmay_misc_feat_pillars, minmay_misc_feat_ornament
D:2:      layout_loops_corners, first_ration, uniq_robin, uniq_natasha
D:3:      layout_basic, lemuel_round_altar
D:4:      minmay_evil_eye, layout_loops_ring,
          gammafunk_temple_overflow_forgotten, marbit_many_paths,
          overflow_temple_1_default, serial_shops, nicolae_shop_trees,
          serial_park_tiny_pond, grunt_ministairs_6
D:5:      layout_loops_cross, nicolae_overflow_crystal_walls,
          lemuel_zombie_altar_kikubaaqudgha, okawaru_metal_pillars_1_2

Skill      XL: |  1  2  3  4  5  6  7  8 |
---------------+-------------------------+-----
Spellcasting   | 5 6 |  6.0
Short Blades   | 1 2 3 |  3.3
Long Blades    | 1 2 3 |  3.3
Axes           | 1 2 3 |  3.3
Maces & Flails | 1 2 3 |  3.3
Polearms       | 1 2 3 |  3.3
Staves         | 1 2 3 |  3.3
Slings         | 1 2 3 |  3.3
Bows           | 1 2 3 |  3.3
Crossbows      | 1 2 3 |  3.3
Throwing       | 1 2 3 |  3.3
Armour         | 1 2 3 |  3.3
Stealth        | 1 2 3 |  3.3
Shields        | 1 2 3 |  3.3
Invocations    | 1 2 3 |  3.6
Evocations     | 1 2 3 |  3.3
Conjurations   | 1 2 |  2.7
Hexes          | 1 2 |  2.7
Charms         | 1 2 |  2.7
Summonings     | 1 2 |  2.7
Necromancy     | 1 2 |  2.7
Translocations | 1 2 |  2.7
Fire Magic     | 1 2 |  2.7
Ice Magic      | 1 2 |  2.7
Air Magic      | 1 2 |  2.7
Earth Magic    | 1 2 |  2.7
Poison Magic   | 1 2 |  2.7
Fighting       | 3 4 |  4.2
Transmutations | 4 |  4.7
Dodging        | 5 |  5.7
Unarmed Combat | 7 |  7.4

Action                   |  1- 3 |  4- 6 |  7- 9 || total
-------------------------+-------+-------+-------++-------
Melee: Dagger            |    57 |       |       ||    57
       Unarmed           |    47 |   180 |   163 ||   390
       Bite              |    11 |     6 |     6 ||    23
       Kick              |     3 |    10 |       ||    13
       Headbutt          |     7 |     1 |       ||     8
       Punch             |     1 |     5 |     5 ||    11
 Cast: Beastly Appendage |     9 |    13 |       ||    22
       Sticks to Snakes  |       |     4 |       ||     4
       Spider Form       |       |    10 |    11 ||    21
  Use: Scroll            |     3 |     4 |     2 ||     9
 Stab: Sleeping          |     4 |     5 |     5 ||    14
  Eat: Chunk             |     1 |     9 |     6 ||    16
Armor: Robe              |     5 |       |       ||     5
       Leather armour    |     4 |    12 |     9 ||    25
       Skin              |       |     6 |     1 ||     7
Dodge: Dodged            |    77 |   144 |   133 ||   354

Table legend:
 A = Non-vault XP
 B = Vault XP
 C = Vault XP percentage of total XP
 D = Non-vault monster count
 E = Vault monster count
 F = Vault count percentage of total count
                 A         B        C        D         E       F
            +---------+---------+-------+---------+---------+-------
      Total |    1739 |     113 |   6.1 |     118 |      11 |   8.5
            +---------+---------+-------+---------+---------+-------
        D:1 |      42 |       0 |   0.0 |      24 |       0 |   0.0
        D:2 |     155 |      65 |  29.5 |      21 |       9 |  30.0
        D:3 |     177 |       0 |   0.0 |      32 |       0 |   0.0
        D:4 |     641 |      48 |   7.0 |      24 |       2 |   7.7
        D:5 |     724 |       0 |   0.0 |      17 |       0 |   0.0
            +---------+---------+-------+---------+---------+-------
